Unix NetHack Version 5.0.0-0 post-release - last build Jun 10 2026 00:39:30 (3ee93aec679c4c4259841fe613dc97188e26a321,branch:main).

Game began 2026-06-11 11:35:51, ended 2026-06-15 12:43:06.

FutureTim, lawful female human Valkyrie

                              ----------
                              |...`....|
   ----------                 |........|        GT  h
   |........|                 |.h......|        hooohh
   |.(o)))T.%#                |).......-#       ha  oG...
   |....[)o.|##               -)--------)         +   -|-
   |..GA..@)| #                #        ##        ####%##
   |......DD| #                )         ###    ###
   -----.-.-- #                #           #   ##
        # #   B                )           %---%------
        # #   o               ##          #/..p.....h|
        # #   @               #        #### |..!.....|                  m
        # ######             ##     a###    |........|
        ##    ###     C##########h#C#       ----------
  -----------   #ha####      #
  |.........-######-.--------.---
  |.........|   ###|............|
  |.........|      |............|
  -----------      --------------

FutureTim the Woman-at-arms  St:25 Dx:13 Co:18 In:8 Wi:14 Ch:10  Lawful
Dlvl:19 $:554 HP:0(121) Pw:47(47) AC:6  Xp:11 T:15621  Blind

Latest messages:
 The wraith touches you!
 You hit the wraith.
 The wraith touches you!
 You destroy the wraith!
 You hear some noises in the distance.
 A lich suddenly appears!
 You hear some noises in the distance.
 Pick a monster, object or location.
 You hear some noises in the distance.
 In what direction? 4
 This doorway has no door.
 You hear some noises in the distance.
 You descend the stairs.
 You try to feel what is lying here on the stairs.
 There is a staircase up to level 18 here.
 You feel here 6 arrows.
 It misses.
 You try to feel what is lying here on the floor.
 You feel here a crude dagger.
 The blast of disintegration hits you!
 Your cloak crumbles and turns to dust!
 Your suit turns to dust and falls to the floor!
 The silver dragon bites!
 The silver dragon hits!
 The silver dragon hits again!
 The black dragon bites!
 The black dragon hits!
 The black dragon hits again!
 You miss the black dragon.
 The silver dragon bites!
 The silver dragon hits!
 The silver dragon hits again!
 The black dragon bites!
 The black dragon hits!
 The black dragon hits again!
 You are hit.
 You hit the black dragon.
 The silver dragon bites!
 The silver dragon hits!
 The silver dragon hits again!
 It is missed.
 You are hit.
 Valkyrie, your life force is running out.
 The black dragon bites!
 You die...
 Do you want your possessions identified? [ynq] (y) y
 Do you want to see your attributes? [ynq] (y) y
 Do you want an account of creatures vanquished? [ynaq] (y) y
 Do you want to see your conduct and achievements? [ynq] (y) y
 Do you want to see the dungeon overview? [ynq] (y) y

Inventory:
 Coins    ('$')
  $ - 554 gold pieces
 Weapons  (')')
  V - the rustproof +1 Excalibur (weapon in right hand)
  w - the blessed rustproof +2 Mjollnir
 Armor    ('[')
  e - an uncursed rusty +0 orcish helm (being worn)
  m - a blessed rusty +2 pair of gauntlets of power (being worn)
  C - an uncursed very rusty corroded +0 pair of iron shoes (being worn)
  X - an uncursed +2 Hawaiian shirt with a water nymph motif (being worn)
 Comestibles  ('%')
  r - an uncursed clove of garlic
  I - 3 uncursed food rations
  g - 2 uncursed tripe rations
  J - 3 uncursed lizard corpses
 Scrolls  ('?')
  D - a blessed scroll of enchant armor
  u - an uncursed scroll of enchant armor
  f - a cursed scroll of enchant armor
  L - 4 uncursed scrolls of enchant weapon
  Y - a cursed scroll of food detection
  U - an uncursed scroll of identify
  O - a cursed scroll of identify
  v - 2 uncursed scrolls of remove curse
  T - an uncursed scroll of remove curse
  q - an uncursed scroll of scare monster
  n - a cursed scroll of scare monster
  G - 2 uncursed scrolls of teleportation
  K - an uncursed scroll of teleportation
 Potions  ('!')
  s - a cursed potion of extra healing
  S - an uncursed potion of invisibility
  R - 2 uncursed potions of object detection
  b - an uncursed potion of oil
  d - an uncursed potion of sickness
  Q - 3 uncursed potions of water
 Rings    ('=')
  x - an uncursed ring of invisibility
  M - an uncursed ring of polymorph control (on right hand)
  j - an uncursed ring of regeneration
  P - an uncursed ring of see invisible
  z - an uncursed ring of sustain ability
 Wands    ('/')
  y - a wand of digging (0:6)
  F - a wand of locking (0:6)
  B - a wand of stasis (0:1)
  Z - a wand of teleportation (0:4)
 Tools    ('(')
  o - an uncursed blindfold (being worn)
  l - an uncursed oil lamp
  A - an uncursed pair of lenses
  p - a +0 pick-axe
  k - an uncursed skeleton key
  N - a +0 unicorn horn

FutureTim the Valkyrie's attributes:

Background:
 You were a Woman-at-arms, a level 11 human Valkyrie.
 You were lawful, on a mission for Tyr
 who was opposed by Odin (neutral) and Loki (chaotic).
 You were right-handed.
 You were in the Dungeons of Doom, on level 19.
 You entered the dungeon 15621 turns ago.
 There was a new moon in effect when your adventure ended.
 You had 14007 experience points, 5993 more were needed to attain level 12.

Basics:
 You had 0 out of 121 hit points.
 You had all 47 energy points (spell power).
 Your armor class was 6.
 Your wallet contained 554 zorkmids.
 Autopickup was off.

Final Characteristics:
 Your strength was 25 (base:18/03, peak:18/04, innate limit:18/100).
 Your dexterity was 13 (peak:14, limit:18).
 Your constitution was 18 (limit:18).
 Your intelligence was 8 (limit:18).
 Your wisdom was 14 (limit:18).
 Your charisma was 10 (limit:18).

Final Status:
 You were deliberately blind.
 You weren't hungry.
 You were unencumbered.
 You were wielding a long sword.
 You had basic skill with long sword.

Final Attributes:
 You were piously aligned.
 You were cold resistant.
 You were level-drain resistant.
 You were telepathic.
 You had automatic searching.
 You were stealthy.
 You had polymorph control.
 You were lucky.
 You are dead.

Miscellaneous:
 You encountered 3 bones levels.
 Total elapsed playing time was 5 hours, 55 minutes and 2 seconds.

Major events:
 Turn
    1: FutureTim the lawful human Valkyrie entered the dungeon
  909: attained the rank of Skirmisher (level 3)
 1052: entered the Gnomish Mines
 2229: attained the rank of Fighter (level 6)
 3074: reached Mine Town
 3203: was bestowed with Mjollnir by Tyr
10148: found Grimtooth on the floor
10183: entered the Bigroom
10284: attained the rank of Woman-at-arms (level 10)
10827: found Excalibur on the floor
15621: killed by a black dragon

Spells:
 Name                 Level Category     Fail Retention
 healing                1   healing      100%    1%-25%

Skills:
 Fighting Skills
   bare handed combat [Unskilled]
   two weapon combat  [Unskilled]
   riding             [Unskilled]
 Weapon Skills
   dagger             [Basic]
   axe                [Unskilled]
   pick-axe           [Unskilled]
   short sword        [Unskilled]
   broadsword         [Unskilled]
   long sword         [Basic]
   two-handed sword   [Unskilled]
   saber              [Unskilled]
   hammer             [Expert]
   quarterstaff       [Unskilled]
   polearms           [Unskilled]
   spear              [Skilled]
   trident            [Unskilled]
   lance              [Unskilled]
   sling              [Unskilled]
 Spellcasting Skills
   attack spells      [Unskilled]
   escape spells      [Unskilled]

Voluntary challenges:
 Character rerolling was not enabled.
 You never genocided any monsters.
 You never polymorphed an object.
 You used no wishes.
Achievements:
 You attained the rank of Skirmisher.
 You entered the Gnomish Mines.
 You attained the rank of Fighter.
 You entered Minetown.
 You entered a shop.
 You entered a temple.
 You entered the Big Room.
 You attained the rank of Woman-at-arms.

 The Dungeons of Doom: levels 1 to 19
    Level 1:
       A fountain, a sink, a grave.
    Level 2:
       Some fountains.
    Level 3:
       Stairs down to The Gnomish Mines.
    Level 4:
    Level 5:
       Some fountains.
    Level 6:
       Many fountains.
    Level 7:
       A grave.
    Level 8:
       A sink.
    Level 9:
       Many fountains.
       Oracle of Delphi.
    Level 10:
       An altar to Tyr.
    Level 11:
       A grave.
       A very big room.
       Final resting place for
          groeloe-Kni-Hum-Fem-Law, killed by a troll.
    Level 12:
       A general store, a fountain.
    Level 13:
       A general store.
    Level 14:
       Some fountains, a grave.
    Level 15:
    Level 16:
       Summoned by the Norn.
    Level 17:
       A scroll shop.
    Level 18:
       A primitive area.
    Level 19: <- You were here.
       An altar to Tyr.
       Final resting place for
          you, killed by a black dragon.
 The Gnomish Mines: levels 4 to 10
    Level 4:
    Level 5:
    Level 6:
    Level 7:
       Many shops, a temple and an altar to Tyr, some fountains.
       Final resting place for
          androo-Wiz-Hum-Mal-Neu, killed by a dwarf zombie.
    Level 8:
    Level 9:
    Level 10:
       Final resting place for
          Shruner-Sam-Hum-Fem-Law, killed by a displacer beast.


Vanquished creatures:
  2 ghosts
  a winged gargoyle
  a giant mimic
  a long worm
  2 fire giants
  5 ogre tyrants
  5 rock trolls
  a large mimic
  2 stalkers
 an air elemental
 an earth elemental
  7 wargs
  9 small mimics
  a glass piercer
  a xan
  4 quantum mechanics
  a troll
  a gelatinous cube
  a large dog
  a freezing sphere
  2 flaming spheres
  a shocking sphere
  a tiger
  2 gargoyles
 an ochre jelly
  a leocrotta
  a mountain centaur
  a human mummy
  a red naga
  a pit viper
  a wraith
 an ettin zombie
  a crocodile
  2 giant beetles
  a wolf
  6 winter wolf cubs
  a lynx
  a panther
  3 leprechauns
 an iron piercer
  6 giant spiders
  4 horses
  2 ice vortices
  2 vampire bats
  a forest centaur
  3 gnome rulers
  2 orc mummies
  3 rust monsters
  a werewolf
  2 Green-elves
 10 lizards
  5 chickatrices
  a dingo
  3 housecats
  2 jaguars
  a blue jelly
  3 gray unicorns
  a dust vortex
  a raven
  2 plains centaurs
  a gnome mummy
  2 apes
  3 human zombies
  4 Woodland-elves
  5 soldier ants
  6 bugbears
  a quasit
  2 wood nymphs
  2 Mordor orcs
  9 Uruk-hai
  3 orc shamans
  a rock piercer
  a rock mole
  3 ponies
 13 fog clouds
  3 yellow lights
  a shrieker
  2 violet fungi
 15 gnome leaders
  a gnomish wizard
  2 kobold mummies
  a gray ooze
  2 elf zombies
  3 straw golems
  a baby crocodile
  2 giant ants
  a little dog
  4 floating eyes
  a kitten
  8 dwarves
  a homunculus
  a kobold leader
  a kobold shaman
  8 hill orcs
  4 rothes
  a giant bat
  a monkey
  4 orc zombies
  6 dwarf zombies
  2 wererats
  2 werejackals
  5 iguanas
 20 killer bees
 16 acid blobs
  2 coyotes
  2 hobbits
  6 hobgoblins
  6 giant rats
  a cave spider
  4 brown molds
  a yellow mold
  a green mold
  a red mold
 49 gnomes
  4 garter snakes
  2 gnome zombies
  6 geckos
  8 jackals
  3 foxes
  6 goblins
  5 sewer rats
  7 grid bugs
  3 bats
  8 lichens
  2 kobold zombies
  4 newts
439 creatures vanquished.

No species were genocided or became extinct.

Game over:
                       ----------
                      /          \
                     /    REST    \
                    /      IN      \
                   /     PEACE      \
                  /                  \
                  |    FutureTim     |
                  |      554 Au      |
                  |   killed by a    |
                  |   black dragon   |
                  |                  |
                  |                  |
                  |       2026       |
                 *|     *  *  *      | *
        _________)/\\_//(\/(/\)/\//\/|_)_______

Farvel FutureTim the Valkyrie...

You died in The Dungeons of Doom on dungeon level 19 with 57487 points,
and 554 pieces of gold, after 15621 moves.
You were level 11 with a maximum of 121 hit points when you died.

